 Dungeon Crawl Stone Soup version 0.22.0-38-g04b72b8 (webtiles) character file.

65 Zubo the Firebug (level 3, -12/26 HPs)
             Began as a Draconian Fire Elementalist on Aug 21, 2018.
             Killed from afar by an orc (30 damage)
             ... with an exploding inner flame
             ... hexed by the player character
             ... on level 3 of the Dungeon on Aug 30, 2018.
             The game lasted 00:06:43 (2941 turns).

Zubo the Firebug (Draconian Fire Elementalist)      Turns: 2941, Time: 00:07:13

Health: -12/26     AC:  5    Str: 10    XL:     3   Next: 94%
Magic:  5/6        EV: 12    Int: 20    God:
Gold:   155        SH:  0    Dex: 11    Spells: 3/6 levels left

rFire    . . .     SeeInvis .   d - +1 dagger (freeze)
rCold    . . .     Gourm    .   (no shield)
rNeg     . . .     Faith    .   (armour unavailable)
rPois    .         Spirit   .   (helmet restricted)
rElec    .         Reflect  .   (no cloak)
rCorr    .         Harm     .   (no gloves)
MR       .....                  (no boots)
Stlth    ++........             (no amulet)
HPRegen  0.08/turn              i - +4 ring of intelligence
MPRegen  0.10/turn              (no ring)

@: no status effects
A: unfitting armour, cold-blooded, AC +5
a: no special abilities


You were on level 3 of the Dungeon.
You were hungry.

You visited 1 branch of the dungeon, and saw 3 of its levels.

You collected 155 gold pieces.

Inventory:

Hand Weapons
 d - a +1 dagger of freezing (weapon)
 k - a +0 spear
Missiles
 c - 194 stones (quivered)
Jewellery
 i - a +4 ring of intelligence (left hand)
 l - an uncursed amulet of regeneration {unknown}
Scrolls
 a - a scroll of immolation
 f - a scroll of remove curse {unknown}
 h - a scroll of fear {unknown}
 n - a scroll of enchant armour {unknown}
Potions
 e - a potion of curing {unknown}
 g - a potion of mutation {unknown}
 j - a potion of lignification {unknown}
 m - a potion of resistance {unknown}
Comestibles
 b - 3 rations


   Skills:
 - Level 1.8 Dodging
 - Level 1.7 Stealth
 - Level 2.2 Spellcasting
 - Level 1.0 Conjurations
 + Level 4.6 Fire Magic


You had 3 spell levels left.
You knew the following spells:

 Your Spells              Type           Power        Failure   Level  Hunger
a - Flame Tongue          Conj/Fire      ##...        4%          1    #......
b - Throw Flame           Conj/Fire      ##....       8%          2    ##.....

Your spell library contained the following spells:

 Spells                   Type           Power        Failure   Level  Hunger
 Conjure Flame            Conj/Fire      ##......     14%         3    ###....
 Inner Flame              Hex/Fire       ##......     19%         3    ###....
 Sticky Flame             Conj/Fire      ##......     43%         4    #####..
 Fireball                 Conj/Fire      ##........   80%         5    ######.


Dungeon Overview and Level Annotations

Branches:
Dungeon (3/15)

Altars:


Innate Abilities, Weirdness & Mutations

Your plain brown scales are hard. (AC +5)
You cannot fit into any form of body armour.
You are cold-blooded and may be slowed by cold attacks.


Message History

The frilled lizard bites you but does no damage. x2
The frilled lizard barely misses you.
Casting: Flame Tongue (safe; 4% risk of failure)
Confirm with . or Enter, or press ? or * to list all spells.
Aiming: Flame Tongue (safe; 4% risk of failure)
Press: ? - help, Shift-Dir - straight line, f - frilled lizard
Aim: a frilled lizard (inner flame)
The flame tongue hits the frilled lizard.
The frilled lizard explodes!
The fiery explosion engulfs the frilled lizard.
The frilled lizard explodes!
The fiery explosion engulfs the orc.
The orc explodes!
The fiery explosion engulfs the worm.
The worm explodes!
The fiery explosion engulfs the orc.
The orc explodes!
The fiery explosion engulfs you!
Ouch! That really hurt!
You die...

........#
####.....#
###### #######
###P..P#
######...P..##
#....##.PPl.l#
#.....# ..ll#
#.....#####ll#
#........##§@#
#......§§§§§##
#......§§####
..........#
...........#
#####.######
... ###


You could see a leopard gecko (inner flame) and 5 frilled lizards.

Vanquished Creatures
  An adder (D:2)
  2 worms (D:3)
  5 orcs
  5 goblins
  7 hobgoblins
  3 jackals (D:2)
  6 kobolds
  A quokka (D:3)
  6 bats
  3 frilled lizards
  5 rats
44 creatures vanquished.

Notes
Turn   | Place    | Note
-------+----------+-------------------------------------------
     0 | D:1      | Zubo the Draconian Fire Elementalist began the quest for the Orb.
     0 | D:1      | Reached XP level 1. HP: 14/14 MP: 3/3
   384 | D:1      | Reached XP level 2. HP: 20/20 MP: 3/5
   603 | D:1      | Learned a level 2 spell: Throw Flame
   865 | D:2      | Upgraded the game from 0.22.0-27-ga576289 to 0.22.0-38-g04b72b8
  1218 | D:2      | Reached skill level 4 in Fire Magic
  1218 | D:2      | Reached XP level 3. HP: 26/26 MP: 0/6
  2941 | D:3      | Killed from afar by an orc

Skill      XL: |  1  2 |
---------------+-------+-----
Fire Magic     | 4 |  4.6
Dodging        | |  1.8
Stealth        | |  1.7
Spellcasting   | |  2.2
Conjurations   | |  1.0

Action                   || total
-------------------------++-------
Melee: Unarmed           ||    29
       Tailslap          ||     6
       Dagger            ||    43
 Cast: Flame Tongue      ||    54
       Throw Flame       ||    16
  Use: Scroll            ||     3
 Stab: Sleeping          ||     1
  Eat: Chunk             ||     4
       Ration            ||     1
Armor: Skin              ||    25
Dodge: Dodged            ||    79
